 Dungeon Crawl Stone Soup version 0.21.1-1-g345015fe64 (webtiles) character file.

18322 Oravi the Nimble (level 12, 0/97 HPs)
             Began as a Merfolk Transmuter on May 15, 2018.
             Was a High Priest of Okawaru.
             Slain by a freezing wraith (17 damage)
             ... on level 2 of the Abyss on May 16, 2018.
             The game lasted 01:10:25 (16773 turns).

Oravi the Nimble (Merfolk Transmuter)              Turns: 16773, Time: 01:10:26

Health: 0/97       AC:  4    Str: 12    XL:     12   Next: 57%
Magic:  20/25      EV: 23    Int: 16    God:    Okawaru [*****.]
Gold:   815        SH:  0    Dex: 14    Spells: 11/29 levels left

rFire    . . .     SeeInvis .     - Unarmed
rCold    . . .     Gourm    .   (shield currently unavailable)
rNeg     . . .     Faith    .   n - +1 robe {Archmagi}
rPois    .         Spirit   .   (no helmet)
rElec    .         Reflect  .   C - +0 cloak {MR+}
rCorr    .         Harm     .   (gloves currently unavailable)
MR       ++...                  (no boots)
Stlth    +++.......             (no amulet)
HPRegen  0.26/turn              S - ring of wizardry
MPRegen  0.19/turn              g - ring of protection from magic

@: blade hands (expiring), heroism, slowed, drained, very slow
A: change form in water, swift swim, stealthy swim
a: End Transformation, Heroism, Finesse, Renounce Religion


You were on level 2 of the Abyss.
You worshipped Okawaru.
Okawaru was extremely pleased with you.
You were not hungry.
You had blades for hands.
You visited 2 branches of the dungeon, and saw 14 of its levels.
You visited the Abyss 1 time.
You also visited: Sewer and Ossuary.

You collected 815 gold pieces.

Inventory:

Missiles
 a - 168 arrows
Armour
 m - a +0 pair of gloves (melded)
 n - a +1 robe of the Archmagi (worn)
 C - a +0 cloak of magic resistance (worn)
 L - a cursed +0 leather armour
 M - a +0 buckler of reflection
Jewellery
 g - a ring of protection from magic (right scythe-like blade)
 h - an uncursed ring of protection from fire
 p - an uncursed ring of see invisible
 t - an uncursed ring of protection from cold
 S - a ring of wizardry (left scythe-like blade)
Wands
 o - a wand of paralysis (30)
 H - a wand of polymorph (11)
 I - a wand of random effects (55)
 J - a wand of digging (27)
 O - a wand of enslavement (10)
Scrolls
 b - 5 scrolls of enchant weapon
 f - 6 scrolls of remove curse
 v - 2 scrolls of magic mapping
 w - 4 scrolls of enchant armour
 B - a scroll of blinking {unknown}
 D - 3 scrolls of amnesia
 K - a scroll of vulnerability {unknown}
 N - a scroll of fear
 P - a scroll of fog
 T - a scroll of identify
Potions
 e - 5 potions of ambrosia
 i - 2 potions of haste
 j - 2 potions of invisibility
 k - a potion of brilliance
 q - 2 potions of flight
 r - 3 potions of agility
 s - a potion of lignification
 x - 3 potions of might
 z - 3 potions of resistance
 E - 3 potions of mutation
 F - 3 potions of curing
Books
 c - a book of Changes

   Spells                             Type                      Level
   a - Beastly Appendage              Transmutation                1
   b - Sticks to Snakes               Transmutation                2
   c - Spider Form                    Transmutation/Poison         3
   d - Ice Form                       Ice/Transmutation            4
   e - Blade Hands                    Transmutation                5
 y - a book of Frost

   Spells                             Type                      Level
   a - Freeze                         Ice                          1
   b - Throw Frost                    Conjuration/Ice              2
   c - Ozocubu's Armour               Charms/Ice                   3
   d - Throw Icicle                   Conjuration/Ice              4
   e - Summon Ice Beast               Ice/Summoning                4
 G - a book of Flames

   Spells                             Type                      Level
   a - Flame Tongue                   Conjuration/Fire             1
   b - Throw Flame                    Conjuration/Fire             2
   c - Conjure Flame                  Conjuration/Fire             3
   d - Inner Flame                    Hexes/Fire                   3
   e - Sticky Flame                   Conjuration/Fire             4
   f - Fireball                       Conjuration/Fire             5
 Q - a book of Misfortune

   Spells                             Type                      Level
   a - Confusing Touch                Hexes                        1
   b - Confuse                        Hexes                        3
   c - Gell's Gravitas                Translocation                3
   d - Petrify                        Transmutation/Earth          4
   e - Metabolic Englaciation         Hexes/Ice                    5
   f - Yara's Violent Unravelling     Hexes/Transmutation          5
Comestibles
 d - 25 rations


   Skills:
 + Level 9.8(14.3) Fighting
 + Level 11.7(16.2) Dodging
 - Level 10.0(14.5) Unarmed Combat
 + Level 9.1(8.7) Spellcasting
 - Level 10.0(9.5) Transmutations
 - Level 5.0(4.7) Earth Magic
 + Level 2.0(1.6) Invocations


You had 11 spell levels left.
You knew the following spells:

 Your Spells              Type           Power        Failure   Level  Hunger
a - Spider Form           Tmut/Pois      ####......   12%         3    #......
b - Sticks to Snakes      Tmut           ######..     4%          2    None
c - Ice Form              Ice/Tmut       ####....     26%         4    ###....
d - Blade Hands           Tmut           ######....   14%         5    #####..
e - Petrify               Tmut/Erth      #####...     14%         4    ###....


Dungeon Overview and Level Annotations

Branches:
Dungeon (13/15)            Temple (1/1) D:4            Lair (0/6) D:8
    Orc (0/2) D:12
 Vaults: D:13-14

Altars:
Ashenzari
Cheibriados
Dithmenos
Elyvilon
Fedhas
Gozag
Hepliaklqana
Kikubaaqudgha
Makhleb
Nemelex Xobeh
Okawaru
Qazlal
Ru
Sif Muna
Trog
Uskayaw
Vehumet
Wu Jian
Xom
Yredelemnul
Zin
The Shining One

Shops:
D:13 *!

Annotations:
D:3 1 runed door
D:9 Oravi's ghost, novice MfTm
D:13 Sonja


Message History

The freezing wraith closely misses you. The wight completely misses you.
You shred the wight!!!
You destroy the wight!
Okawaru accepts your kill.
Your base Invocations skill increases to level 2!
Your transformation is almost over.
The freezing wraith completely misses you.
The freezing wraith hits you! The freezing wraith drains your vigour!
You feel yourself slow down.
You slice the freezing wraith!!
The freezing wraith is severely damaged.
You hear an angry buzzing noise.
The freezing wraith barely misses you. The freezing wraith hits you.
* * * LOW HITPOINT WARNING * * *
You barely miss the freezing wraith.
The freezing wraith is severely damaged.
The freezing wraith hits you!
* * * LOW HITPOINT WARNING * * *
The freezing wraith freezes you!
You die...

# . # . .#. ..
. ##.. ## ...
##.##.#ยง##
....##..#.##..
#.......#..#.#
#..#W#.....# #
#.@z.#
#...)).# #
#...#.##.... #
F
#....##..####.
.. #.### .....
. . ## . z##..
.# # # . .##..
. . ##.# .# #
# ## # #


You could see a freezing wraith and a wight.

Vanquished Creatures
  3 hydras
  3 two-headed ogres
  Urug (D:11)
  A spatial maelstrom (Abyss:2)
  Pikel (D:5)
  A cyclops (D:13)
  A manticore (D:11)
  An ugly thing (D:12)
  2 large abominations (Abyss:2)
  Maurice (D:8)
  A gargoyle (D:12)
  A kobold demonologist (D:12)
  A centaur skeleton (D:8)
  A tengu conjurer (D:13)
  A komodo dragon (D:8)
  A meliai (shapeshifter) (D:13)
  A troll (D:10)
  2 hippogriffs
  A centaur simulacrum (D:13)
  5 yaks
  A wyvern (D:11)
  2 ynoxinuls (Abyss:2)
  A wraith (D:9)
  Edmund (D:5)
  Menkaure (D:4)
  A soldier ant (D:12)
  An acid dragon (D:11)
  Duvessa (D:5)
  2 ice beasts
  3 orc warriors
  A black bear (D:10)
  3 sky beasts
  An eye of draining (D:8)
  4 slaves (D:5)
  6 ogres
  A phantom (D:4)
  2 necrophages
  6 centaurs
  A crocodile (D:7)
  3 big kobolds (D:12)
  6 bullfrogs
  Blork the orc (D:6)
  Dowan (D:5)
  A wyvern skeleton (D:8)
  4 scorpions
  9 killer bees
  7 wights
  6 howler monkeys
  7 crimson imps
  4 centaur zombies
  3 bullfrog zombies
  A jelly (D:5)
  A quasit (D:8)
  2 bullfrog skeletons
  5 orc priests
  4 hounds
  16 mummies (Ossuary)
  22 orc wizards
  3 iguanas
  13 worker ants
  2 killer bee zombies (Ossuary)
  3 hound zombies
  A hound skeleton (D:9)
  3 worker ant zombies
  A howler monkey skeleton (D:7)
  13 adders
  A shadow imp (D:9)
  2 oozes
  5 adder zombies
  4 worms
  2 dart slugs (D:1)
  8 leopard geckos
  36 orcs
  3 bats
  11 giant cockroaches
  3 hobgoblins
  4 jackals
  5 quokkas
  3 ball pythons (Sewer)
  5 frilled lizards
  4 goblins
  A jackal skeleton (D:5)
  10 kobolds
  A leopard gecko skeleton (D:6)
  3 leopard gecko zombies
  A quokka zombie (Ossuary)
  6 rats
  A withered plant (Ossuary)
330 creatures vanquished.

Vanquished Creatures (collateral kills)
  The ghost of tensugalgo the Sneak, an amateur NaAs (D:4)
  Grinder (D:5)
  2 dream sheep (D:12)
  An ogre (D:8)
  An orc (D:12)
6 creatures vanquished.

Vanquished Creatures (others)
  An ice beast (D:9)
  18 plants
19 creatures vanquished.

Grand Total: 355 creatures vanquished

Notes
Turn   | Place    | Note
-------+----------+-------------------------------------------
     0 | D:1      | Oravi the Merfolk Transmuter began the quest for the Orb.
     0 | D:1      | Reached XP level 1. HP: 15/15 MP: 3/3
   557 | D:1      | Reached XP level 2. HP: 21/21 MP: 3/5
  1037 | D:1      | Reached XP level 3. HP: 21/26 MP: 4/6
  1041 | D:1      | Learned a level 2 spell: Sticks to Snakes
  1045 | D:1      | Learned a level 3 spell: Spider Form
  1766 | D:2      | Reached XP level 4. HP: 30/32 MP: 0/7
  2299 | D:3      | Reached skill level 5 in Transmutations
  2408 | D:3      | Found a stormy altar of Qazlal.
  2499 | D:3      | Reached skill level 5 in Unarmed Combat
  2499 | D:3      | Reached XP level 5. HP: 35/37 MP: 1/8
  2766 | D:3      | Found a blossoming altar of Fedhas.
  2780 | D:3      | Found an ancient bone altar of Kikubaaqudgha.
  2904 | D:3      | Reached XP level 6. HP: 43/43 MP: 6/9
  3018 | D:3      | Found a runed door.
  3616 | D:4      | Noticed a phantom
  3663 | D:4      | Killed a phantom
  3663 | D:4      | Reached skill level 3 in Dodging
  3730 | D:4      | Noticed Menkaure
  3903 | D:4      | Killed Menkaure
  3903 | D:4      | Reached XP level 7. HP: 9/51 MP: 8/10
  4111 | D:4      | Noticed tensugalgo's ghost (amateur NaAs)
  4214 | D:4      | Found a sand-covered staircase.
  4229 | Ossuary  | Entered an ossuary
  4291 | Ossuary  | Reached skill level 4 in Dodging
  4608 | Ossuary  | Reached XP level 8. HP: 50/58 MP: 9/11
  4630 | Ossuary  | Reached skill level 5 in Dodging
  5198 | D:4      | Found a staircase to the Ecumenical Temple.
  5207 | Temple   | Entered the Ecumenical Temple
  5256 | Temple   | Became a worshipper of Warmaster Okawaru
  5490 | D:4      | Found a shattered altar of Ashenzari.
  5652 | D:4      | Killed tensugalgo's ghost
  5652 | D:4      | Reached skill level 6 in Dodging
  5793 | D:5      | Entered Level 5 of the Dungeon
  5918 | D:5      | Noticed Grinder
  5922 | D:5      | Noticed Blork the orc
  5925 | D:5      | Paralysed by Grinder for 4 turns
  6131 | D:5      | Noticed Edmund
  6147 | D:5      | Killed Edmund
  6147 | D:5      | Reached * piety under Okawaru
  6147 | D:5      | Reached skill level 5 in Fighting
  6177 | D:5      | Noticed Pikel
  6476 | D:5      | Killed Pikel
  6476 | D:5      | Reached skill level 7 in Dodging
  6476 | D:5      | Reached XP level 9. HP: 58/68 MP: 9/12
  6660 | D:5      | Killed Grinder
  6660 | D:5      | Reached skill level 10 in Unarmed Combat
  6736 | D:5      | Reached ** piety under Okawaru
  6957 | D:5      | Reached skill level 8 in Dodging
  7039 | D:5      | Noticed Duvessa
  7039 | D:5      | Noticed Dowan
  7047 | D:5      | Killed Duvessa
  7052 | D:5      | Killed Dowan
  7371 | D:6      | Found a glowing drain.
  7381 | Sewer    | Entered a sewer
  7480 | Sewer    | Reached skill level 9 in Dodging
  7706 | D:6      | Killed Blork the orc
  7790 | D:6      | Reached *** piety under Okawaru
  7921 | D:6      | Reached XP level 10. HP: 79/79 MP: 10/13
  8646 | D:7      | Found a hide-covered altar of Uskayaw.
  8654 | D:7      | Found a basalt altar of Yredelemnul.
  8891 | D:8      | Noticed Maurice
  8900 | D:8      | Killed Maurice
  8971 | D:8      | Reached skill level 10 in Dodging
  9411 | D:8      | Reached **** piety under Okawaru
  9441 | D:8      | Found a staircase to the Lair.
  9606 | D:8      | Learned a level 4 spell: Ice Form
  9612 | D:8      | Learned a level 5 spell: Blade Hands
 10138 | D:9      | Found an opulent altar of Gozag.
 10216 | D:9      | Noticed Oravi's ghost (novice MfTm)
 10250 | D:9      | Reached skill level 5 in Spellcasting
 10409 | D:9      | Found a sacrificial altar of Ru.
 10684 | D:9      | Reached XP level 11. HP: 86/86 MP: 15/19
 10912 | D:10     | Entered Level 10 of the Dungeon
 10912 | D:10     | Noticed a two-headed ogre
 10920 | D:9      | Reached skill level 10 in Transmutations
 11041 | D:10     | Killed a two-headed ogre
 11041 | D:10     | Reached ***** piety under Okawaru
 11065 | D:10     | Received a gift from Okawaru
 11361 | D:10     | Noticed a two-headed ogre
 11371 | D:10     | Killed a two-headed ogre
 12371 | D:11     | Noticed Urug
 12391 | D:11     | Killed Urug
 12396 | D:11     | Noticed a manticore
 12403 | D:11     | Killed a manticore
 12679 | D:11     | Noticed a four-headed hydra
 12911 | D:11     | Killed a four-headed hydra
 12911 | D:11     | Received a gift from Okawaru
 13150 | D:12     | Learned a level 4 spell: Petrify
 13179 | D:12     | Reached skill level 1 in Earth Magic
 13467 | D:12     | Noticed a three-headed hydra
 13475 | D:12     | Killed a three-headed hydra
 13529 | D:12     | Found a staircase to the Orcish Mines.
 13533 | D:12     | Noticed a purple ugly thing
 13544 | D:12     | Killed a purple ugly thing
 13617 | D:12     | Found an opulent altar of Gozag.
 13860 | D:12     | Noticed a seven-headed hydra
 14063 | D:12     | Noticed a two-headed ogre
 14263 | D:11     | Killed a two-headed ogre
 14263 | D:11     | Reached skill level 5 in Earth Magic
 14263 | D:11     | Reached XP level 12. HP: 43/93 MP: 20/24
 14589 | D:12     | Killed a seven-headed hydra
 14954 | D:12     | Reached skill level 11 in Dodging
 15491 | D:13     | Received a gift from Okawaru
 15770 | D:13     | Found Syvvayra's General Store.
 16313 | D:13     | Found Ycosijul's Distillery.
 16320 | D:13     | Noticed Sonja
 16339 | D:13     | Cast into level 2 of the Abyss (Sonja)
 16406 | Abyss:2  | Found a corrupted altar of Lugonu.
 16441 | Abyss:2  | Reached skill level 1 in Invocations
 16582 | Abyss:2  | Noticed a starcursed mass
 16773 | Abyss:2  | Slain by a freezing wraith

Skill      XL: |  1  2  3  4  5  6  7  8  9 10 11 12 |
---------------+-------------------------------------+-----
Transmutations | 3 4 5 6 9 10 | 10.0
Unarmed Combat | 4 5 6 7 9 10 | 10.0
Dodging        | 3 4 7 9 10 11 | 11.7
Fighting       | 2 3 5 7 8 9 |  9.8
Spellcasting   | 5 8 9 |  9.1
Earth Magic    | 5 |  5.0
Invocations    | 2 |  2.0

Action                   |  1- 3 |  4- 6 |  7- 9 | 10-12 || total
-------------------------+-------+-------+-------+-------++-------
Melee: Unarmed           |    83 |   128 |   430 |   543 ||  1184
       Headbutt          |     6 |       |       |       ||     6
       Punch             |       |       |     4 |     8 ||    12
 Cast: Beastly Appendage |    14 |       |       |       ||    14
       Spider Form       |     7 |    20 |    52 |    67 ||   146
       Sticks to Snakes  |       |       |     9 |    30 ||    39
       Blade Hands       |       |       |       |    11 ||    11
       Petrify           |       |       |       |     6 ||     6
Invok: Heroism           |       |       |     1 |    21 ||    22
 Abil: End Transformatio |       |       |     1 |     5 ||     6
  Use: Scroll            |       |    10 |     9 |     8 ||    27
       Potion            |       |       |       |     6 ||     6
 Stab: Distracted        |       |     1 |     1 |     1 ||     3
       Sleeping          |       |       |       |     1 ||     1
       Petrified         |       |       |       |     1 ||     1
  Eat: Chunk             |     4 |     8 |    14 |    34 ||    60
       Ration            |       |     1 |     2 |     1 ||     4
Armor: Robe              |    12 |     2 |     1 |    14 ||    29
       Skin              |     1 |     4 |    11 |     8 ||    24
Dodge: Dodged            |    69 |    95 |   278 |   539 ||   981
